 Dungeon Crawl Stone Soup version 0.28-a0-863-g8cecda6153 (webtiles) character file.

Game seed: 1249204828586794645

605 BlueGoblin the Skirmisher (level 7, -4/38 HPs)
             Began as a Vine Stalker Fighter on Nov 20, 2021.
             Killed by divine providence
             ... invoked by an orc priest
              (15 damage)
             ... on level 5 of the Dungeon.
             The game lasted 00:06:22 (3786 turns).

BlueGoblin the Skirmisher (Vine Stalker Fighter)    Turns: 3786, Time: 00:06:23

Health: -4/38      AC: 22    Str: 21    XL:     7   Next: 42%
Magic:  0/8        EV: 10    Int:  8    God:
Gold:   166        SH:  6    Dex: 13    Spells: 6/6 levels left

rFire   . . .      SeeInvis .   k - +2 rapier (protect)
rCold   . . .      Faith    .   c - +1 buckler
rNeg    . . .      Spirit   +   b - +0 scale mail
rPois   .          Reflect  .   (no helmet)
rElec   .          Harm     .   e - +0 cloak
rCorr   .          Rampage  .   (no gloves)
Will    .....                   j - +2 pair of boots
Stlth   ..........              (no amulet)
HPRegen 1.12/turn               m - +4 ring of protection
MPRegen 0.11/turn               (no ring)

@: under a protective aura
A: fangs 2, regeneration 1, magic shield, antimagic bite, no potion heal 2
a: no special abilities


You were on level 5 of the Dungeon.
You visited 2 branches of the dungeon, and saw 6 of its levels.

You collected 166 gold pieces.

Inventory:

Hand Weapons
 a - a +0 rapier
 k - a +2 rapier of protection (weapon)
Armour
 b - a +0 scale mail (worn)
 c - a +1 buckler (worn)
 e - a +0 cloak (worn)
 j - a +2 pair of boots (worn)
Jewellery
 m - a +4 ring of protection (left hand)
Scrolls
 h - a scroll of magic mapping
Potions
 d - 2 potions of might
 f - a potion of attraction
 g - a potion of cancellation
 i - a potion of degeneration {unknown}
 n - a potion of mutation {unknown}
 o - 2 potions of resistance {unknown}


   Skills:
 * Level 4.6 Fighting
 + Level 4.1 Short Blades
 + Level 4.0 Armour
 + Level 1.4 Dodging
 + Level 3.3 Shields


You had 6 spell levels left.
You didn't know any spells.
Your spell library contained the following spells:

 Spells                   Type           Power      Damage    Failure   Level
 Summon Forest            Summ/Tloc      0%         N/A       100%        5
 Summon Mana Viper        Hex/Summ       0%         N/A       100%        5
 Summon Cactus Giant      Summ           0%         N/A       100%        6


Dungeon Overview and Level Annotations

Branches:
Dungeon (5/15)             Temple (1/1) D:4

Altars:
Ashenzari
Cheibriados
Fedhas
Hepliaklqana
Makhleb
Nemelex Xobeh
Okawaru
Sif Muna
Trog
Vehumet
Wu Jian
Xom
Yredelemnul
Zin
The Shining One

Shops:
D:2 !   D:4 ?   D:5 *


Innate Abilities, Weirdness & Mutations

You have extremely sharp teeth.
Your natural rate of healing is unusually fast.
When hurt, damage is shared between your health and your magic reserves.
Your bite disrupts and absorbs the magic of your enemies.
Potions cannot restore your health.


Message History

You drain its magic.
You feel invigorated.
The orc wizard is heavily wounded.
The orc wizard barely misses you.
You barely miss the orc wizard.
The orc wizard is heavily wounded.
The orc wizard closely misses you.
You miss the orc wizard. You bite the orc wizard.
The orc wizard's magic leaks into the air.
You drain its magic.
The orc wizard is almost dead.
The orc wizard falters for a moment.
The orc priest calls down the wrath of Beogh upon you.
Beogh smites you!
You hit the orc wizard but do no damage.
You bite the orc wizard.
You kill the orc wizard!
The orc priest looks encouraged for a moment.
You hit the orc. You bite the orc.
You kill the orc!
The orc priest casts a cantrip, but nothing happens.
You closely miss the orc. You bite the orc, but do no damage.
The orc priest invokes the aid of Beogh against you.
Beogh smites you!
* * * LOW HITPOINT WARNING * * *
You barely miss the orc priest. Your bite misses the orc priest.
The orc hits you with a +0 hand axe.
* * * LOW HITPOINT WARNING * * *
You block the orc priest's attack. The orc hits you but does no damage.
Okay, then.
You puncture the orc priest!
The orc priest is heavily wounded.
The orc priest barely misses you. The orc hits you with a +0 hand axe.
You puncture the orc priest!
You kill the orc priest!
The orc hits you but does no damage.
Your Armour skill increases to level 4!
You closely miss the orc priest.
The orc priest calls down the wrath of Beogh upon you.
Beogh smites you!
You die...

....#,,,,,,+,,,,,,*,,,,+,,,**+***
....#...,,,*,,,...*,,,,*,,,,,,,,*
#####...,,,****#.#*,,,,*,,,,,,,,*
......#*****,*##.#,,,,,**********
......#,,,*,,,#..#,,,,,,,,,,,,,,,
......#,,,+,,,#..#,,,,,,,,,,,,,,,
......#,,,*,,,+..#,,,.,,,,,,,,,,,
......#,,,*,,,#..#,,...,,,,,,,,,,
.##...+,,,*,,,#o@#.....#*********
#.....##########o#.....#,,,,,,,,,
.......................#,,,,,,,,,
...#...................#,,,******
...#...................#,,,**,,**
#..#...................#,,,,,,,,,
.###...................#,,,,,,,,,
...#...................####*****+
####.......................,,,,,,


You could see an orc priest and an orc.

Vanquished Creatures
  Edmund (D:4)
  A scorpion (D:5)
  A water moccasin skeleton (D:4)
  A jelly (D:3)
  An orc priest (D:5)
  2 hounds
  An iguana (D:5)
  An orc wizard (D:5)
  A howler monkey zombie (D:4)
  4 adders
  11 gnolls
  A dart slug (D:4)
  2 orcs (D:5)
  5 bats
  5 endoplasms
  3 giant cockroaches
  6 goblins
  6 hobgoblins
  6 kobolds
  2 quokkas
  2 ball pythons
  4 frilled lizards
  A quokka skeleton (D:4)
  3 rats
71 creatures vanquished.

Vanquished Creatures (others)
  2 demonic plants (D:2)
2 creatures vanquished.

Grand Total: 73 creatures vanquished

Notes
Turn   | Place    | Note
-------+----------+-------------------------------------------
     0 | D:1      | BlueGoblin the Vine Stalker Fighter began the quest for the
                  | Orb.
     0 | D:1      | Reached XP level 1. HP: 11/11 MP: 2/2
   387 | D:1      | Reached XP level 2. HP: 16/16 MP: 3/3
   971 | D:2      | Found Vaepnyps's Distillery.
  1043 | D:2      | Reached XP level 3. HP: 20/20 MP: 4/4
  1075 | D:2      | Found a faded altar of an unknown god.
  1812 | D:3      | Gained mutation: Your natural rate of healing is unusually
                  | fast. [Vine Stalker growth]
  1812 | D:3      | Reached XP level 4. HP: 24/24 MP: 5/5
  1961 | D:3      | Found an iron altar of Okawaru.
  2201 | D:3      | Found a sparkling altar of Nemelex Xobeh.
  2273 | D:4      | Reached XP level 5. HP: 29/29 MP: 6/6
  2459 | D:4      | Noticed a phantom
  2641 | D:4      | Found Illaz's Magic Scroll Boutique.
  2657 | D:4      | Reached XP level 6. HP: 33/33 MP: 7/7
  2798 | D:4      | Reached skill level 1 in Dodging
  2925 | D:4      | Found a staircase to the Ecumenical Temple.
  2961 | D:4      | Noticed Edmund
  3032 | D:4      | Killed Edmund
  3064 | Temple   | Entered the Ecumenical Temple
  3490 | D:5      | Entered Level 5 of the Dungeon
  3499 | D:5      | Reached XP level 7. HP: 38/38 MP: 6/8
  3662 | D:5      | Found Qosier's Neck Hole.
  3786 | D:5      | Killed from afar by an orc priest

Illustrated notes

Levels and vault maps discovered:
D:1:      ebering_hopf_link, layout_basic, hangedman_feature_mirror,
          minmay_strange_pillars
D:2:      minmay_angry_zag, layout_basic, serial_shops, nicolae_lakefront_shop,
          shapermc_ecumenical_altar_gd
D:3:      layout_rooms, kennysheep_okawaru_gauntlet, lemuel_tele_altar,
          minmay_misc_feat_five
D:4:      layout_basic, minmay_temple_entry_trees, nicolae_take_the_stairs,
          uniq_edmund
D:5:      layout_gridville, nicolae_shop_sticking_my_neck_out, uniq_sigmund,
          uniq_prince_ribbit1, uniq_menkaure
Temple:   oiseaux_autumnal_temple

Skill      XL: |  1  2  3  4  5  6  7 |
---------------+----------------------+-----
Fighting       | 3 4 |  4.6
Short Blades   | 2 3 4 |  4.1
Armour         | 3 4 |  4.0
Shields        | 3 |  3.3
Dodging        | 1 |  1.4

Action                   |  1- 3 |  4- 6 |  7- 9 || total
-------------------------+-------+-------+-------++-------
Melee: Rapier            |    88 |   147 |    25 ||   260
       Bite              |    24 |    55 |    10 ||    89
  Use: Scroll            |     3 |     2 |     3 ||     8
Armor: Scale mail        |    37 |    69 |    20 ||   126
Dodge: Dodged            |    36 |    71 |    13 ||   120
Block: Buckler           |    15 |    44 |     8 ||    67

Table legend: (Time is in decaauts)
 A = Elapsed time spent in this place.
 B = Non-inter-level travel time spent in this place.
 C = Inter-level travel time spent in this place.
 D = Time resting spent in this place.
 E = Time spent auto-exploring this place.
 F = Levels seen in this place.
 G = Mean time per level.
                   A        B        C        D        E       F      G
               +--------+--------+--------+--------+--------+-----+--------+
         Total |   3823 |   3631 |    192 |    351 |   2482 |   6 |  637.2 |
       Dungeon |   3506 |   3347 |    159 |    351 |   2211 |   5 |  701.2 |
        Temple |    317 |    284 |     33 |      0 |    270 |   1 |  317.0 |
               +--------+--------+--------+--------+--------+-----+--------+

Top non-repeatable levels by time:
     D:2: 997 daAuts
     D:4: 788 daAuts
     D:3: 737 daAuts
     D:1: 688 daAuts
  Temple: 317 daAuts
     D:5: 294 daAuts
